[Event "13th Palmanova Festival A 2024"]
[Site "Palmanova"]
[Date "2025.01.02"]
[Round "8.14"]
[White "Bouska, Jiri"]
[Black "Candian, Lorenzo"]
[Result "1/2-1/2"]
[ECO "C49"]
[WhiteElo "2267"]
[BlackElo "2208"]
[Annotator "TA"]
[PlyCount "73"]
[EventDate "2024.12.27"]
[EventCountry "ITA"]
[SourceTitle "playchess.com"]
[Source "ChessBase"]
[SourceQuality "1"]
[TimeControl "6000+30"]

1. e4 e5 2. Nf3 Nc6 3. Nc3 Nf6 4. Bb5 Bb4 5. O-O O-O 6. Bxc6 bxc6 7. Nxe5 Re8 8. Nd3 Bxc3 9. dxc3 Nxe4 10. Re1 d6 11. f3 Nf6 12. Bg5 Be6 13. Bh4 a5 14. a4 c5 (14... h6 $11) 15. Qd2 h6 16. f4 Ne4 17. Rxe4 Qxh4 18. Rae1 {[%emt 0:00:44][%cal Of4f5] Black must now prevent f5!.} Bd7 19. Ne5 Qd8 20. Nxd7 Qxd7 21. b3 Rxe4 22. Rxe4 $11 {[%emt 0:00:01][%mdl 4096] Endgame KQR-KQR} Re8 23. Qe2 Rxe4 24. Qxe4 {[%emt 0:00:01] KQ-KQ} d5 25. Qe3 Qf5 26. Qf2 Qe4 27. g3 c4 28. b4 axb4 29. cxb4 c3 {[%emt 0:00:15][%cal Od5d4] Strongly threatening ...d4!.} 30. a5 Qxb4 31. a6 c5 32. a7 Qa5 33. a8=R+ Qxa8 34. Qxc5 Qa1+ 35. Kf2 Qh1 (35... Qb2 $5 36. Qc8+ $8 Kh7 37. Qf5+ Kg8 $11) 36. Qc8+ Kh7 37. Qf5+ 1/2-1/2